TOP OF THE 1ST |
West Virginia Power batting - Pitching for Key West Barracudas : RHP Chris Jones
|
Pitching: RHP Chris Jones
|
|
Batting: LHB Lúcio Anaya
|
0-0: Called Strike 0-1: Swinging Strike 0-2: Strikes out swinging
|
Batting: RHB Brett Bell
|
0-0: Called Strike 0-1: Ball 1-1: Ball 2-1: Foul Ball, location: 2F 2-2: Ball 3-2: Base on Balls
|
Batting: RHB Dave McGrath
|
0-0: Ball 1-0: Fly out, F9 (Line Drive, 9)
|
Batting: RHB Tony Parker
|
0-0: Called Strike 0-1: Ball 1-1: Called Strike 1-2: Fly out, F2 (Popup, 25)
|
Top of the 1st over - 0 run(s), 0 hit(s), 0 error(s), 1 left on base; West Virginia 0 - Key West 0 |
BOTTOM OF THE 1ST |
Key West Barracudas batting - Pitching for West Virginia Power : LHP Ricardo Guichardo
|
Pitching: LHP Ricardo Guichardo
|
|
Batting: SHB Rodney Birling
|
0-0: Foul Ball, location: 2F 0-1: Ball 1-1: SINGLE (Groundball, 5D)
|
Batting: RHB Carlos Bravo
|
0-0: Ball 1-0: SINGLE (Groundball, 56D) Rodney Birling to second
|
Batting: RHB Richard Sanders
|
0-0: SINGLE (Groundball, 56S) (infield hit) Rodney Birling to third Carlos Bravo to second
|
Batting: RHB Anastasio Villa
|
0-0: Ball 1-0: Called Strike 1-1: SINGLE (Line Drive, 9S) Rodney Birling scores Carlos Bravo to third Richard Sanders to second
|
Batting: RHB Edward Holloway
|
0-0: Called Strike 0-1: Called Strike 0-2: Ball 1-2: Strikes out looking
|
Batting: LHB Víctor Acevedo
|
0-0: Foul Ball, location: 2F 0-1: Ball 1-1: Ball 2-1: Ball 3-1: Fly out, F8 (Line Drive, 8LM) Runner from 3rd tags up, SCORES, no throw
|
Batting: RHB Carlos Miranda
|
0-0: Ball 1-0: Called Strike 1-1: Swinging Strike 1-2: Ball 2-2: Strikes out swinging
|
Bottom of the 1st over - 2 run(s), 4 hit(s), 0 error(s), 2 left on base; West Virginia 0 - Key West 2 |
TOP OF THE 2ND |
West Virginia Power batting - Pitching for Key West Barracudas : RHP Chris Jones
|
Batting: LHB Héctor Soto
|
0-0: Ball 1-0: Swinging Strike 1-1: Ball 2-1: Ball 3-1: Foul Ball, location: 2F 3-2: Base on Balls
|
Batting: RHB Aaron Murray
|
0-0: Ball 1-0: Foul Ball, location: 2F 1-1: Ball Wild Pitch! Héctor Soto to second 2-1: Ball Wild Pitch! Héctor Soto to third 3-1: Base on Balls
|
Batting: RHB Jesse McKnight
|
0-0: SINGLE (Line Drive, 7S) Héctor Soto scores Aaron Murray to second
|
Batting: SHB Waylon Adams
|
0-0: Called Strike 0-1: Foul Ball, location: 2F 0-2: Ball 1-2: Ball 2-2: Strikes out swinging
|
Batting: SHB Clint Woods
|
0-0: Foul Ball, location: 2F 0-1: Ball 1-1: Ball 2-1: Called Strike 2-2: Foul Ball, location: 2F 2-2: Ball 3-2: Fly out, F7 (Line Drive, 78M) Lined into DP, 7-4 (Line Drive, 78M)
|
Top of the 2nd over - 1 run(s), 1 hit(s), 0 error(s), 1 left on base; West Virginia 1 - Key West 2 |
BOTTOM OF THE 2ND |
Key West Barracudas batting - Pitching for West Virginia Power : LHP Ricardo Guichardo
|
Batting: LHB Daniel Byrd
|
0-0: Swinging Strike 0-1: Ball 1-1: Swinging Strike 1-2: Ball 2-2: Foul Ball, location: 2F 2-2: Foul Ball, location: 2F 2-2: Strikes out swinging
|
Batting: RHB Dan Craft
|
0-0: Ball 1-0: Called Strike 1-1: Reached on error, E5 (Groundball, 56)
|
Batting: SHB Rodney Birling
|
0-0: Ball 1-0: Ball Dan Craft steals 3rd base 2-0: Ball 3-0: Called Strike 3-1: Ground out 6-3 (Groundball, 6) Dan Craft scores
|
Batting: RHB Carlos Bravo
|
0-0: Called Strike 0-1: Ball 1-1: Ball 2-1: Fly out, F2 (Popup, 3S)
|
Bottom of the 2nd over - 1 run(s), 0 hit(s), 1 error(s), 0 left on base; West Virginia 1 - Key West 3 |
TOP OF THE 3RD |
West Virginia Power batting - Pitching for Key West Barracudas : RHP Chris Jones
|
Batting: LHB Lúcio Anaya
|
0-0: Foul Ball, location: 2F 0-1: Bunted foul 0-2: Fly out, F8 (Flyball, 78M)
|
Batting: RHB Brett Bell
|
0-0: Swinging Strike 0-1: Called Strike 0-2: Strikes out swinging
|
Batting: RHB Dave McGrath
|
0-0: Ball 1-0: Foul Ball, location: 2F 1-1: Swinging Strike 1-2: Ball 2-2: Foul Ball, location: 2F 2-2: Foul Ball, location: 2F 2-2: Foul Ball, location: 2F 2-2: Ball 3-2: DOUBLE (Line Drive, 89D)
|
Batting: RHB Tony Parker
|
0-0: Called Strike 0-1: Ball 1-1: Swinging Strike 1-2: Fly out, F8 (Flyball, 89M)
|
Top of the 3rd over - 0 run(s), 1 hit(s), 0 error(s), 1 left on base; West Virginia 1 - Key West 3 |
BOTTOM OF THE 3RD |
Key West Barracudas batting - Pitching for West Virginia Power : LHP Ricardo Guichardo
|
Batting: RHB Richard Sanders
|
0-0: Ball 1-0: Ball 2-0: Called Strike 2-1: Ball 3-1: Base on Balls
|
Batting: RHB Anastasio Villa
|
0-0: Fly out, F6 (Popup, 56D)
|
Batting: RHB Edward Holloway
|
0-0: Called Strike 0-1: Ball 1-1: Ball 2-1: Called Strike 2-2: Ball 3-2: Foul Ball, location: 2F 3-2: Fly out, F8 (Flyball, 8RD)
|
Batting: LHB Víctor Acevedo
|
0-0: Ball 1-0: Ball 2-0: Called Strike 2-1: Called Strike 2-2: Foul Ball, location: 2F 2-2: Strikes out looking
|
Bottom of the 3rd over - 0 run(s), 0 hit(s), 0 error(s), 1 left on base; West Virginia 1 - Key West 3 |
TOP OF THE 4TH |
West Virginia Power batting - Pitching for Key West Barracudas : RHP Chris Jones
|
Batting: LHB Héctor Soto
|
0-0: Ball 1-0: Ball 2-0: Ball 3-0: Foul Ball, location: 2F 3-1: Base on Balls
|
Pitching: RHP Gerald Núñez
|
|
Batting: RHB Aaron Murray
|
0-0: Called Strike 0-1: SINGLE (Line Drive, 4MD) Héctor Soto to second
|
Batting: RHB Jesse McKnight
|
0-0: Ball 1-0: Fly out, F8 (Flyball, 89M)
|
Batting: SHB Waylon Adams
|
0-0: Foul Ball, location: 2F 0-1: Grounds out, U3 (Groundball, 3L) Héctor Soto to third
|
Batting: SHB Clint Woods
|
0-0: Foul Ball, location: 2F 0-1: Ball 1-1: Ball 2-1: SINGLE (Line Drive, 89S) Héctor Soto scores Aaron Murray to third Runner from 3rd tries for Home, SAFE, no throw
|
Batting: LHB Lúcio Anaya
|
0-0: Fly out, F8 (Flyball, 8LD)
|
Top of the 4th over - 2 run(s), 2 hit(s), 0 error(s), 1 left on base; West Virginia 3 - Key West 3 |
BOTTOM OF THE 4TH |
Key West Barracudas batting - Pitching for West Virginia Power : LHP Ricardo Guichardo
|
Batting: RHB Carlos Miranda
|
0-0: Ball 1-0: Called Strike 1-1: Ball 2-1: Swinging Strike 2-2: Foul Ball, location: 2F 2-2: Ball 3-2: Base on Balls
|
Batting: LHB Daniel Byrd
|
0-0: Ball 1-0: Called Strike 1-1: Swinging Strike 1-2: Ball 2-2: Fly out, F6 (Popup, 6)
|
Batting: RHB Dan Craft
|
0-0: Called Strike 0-1: Called Strike 0-2: Ball 1-2: Foul Ball, location: 2F 1-2: Ball 2-2: Foul Ball, location: 2F 2-2: SINGLE (Groundball, 6MD) Carlos Miranda to second
|
Batting: SHB Rodney Birling
|
0-0: Ball 1-0: Foul Ball, location: 2F 1-1: Called Strike 1-2: Ball 2-2: Strikes out swinging
|
Batting: RHB Carlos Bravo
|
0-0: Foul Ball, location: 2F 0-1: Called Strike 0-2: DOUBLE (Flyball, 78D) Carlos Miranda scores Dan Craft to third
|
Batting: RHB Richard Sanders
|
0-0: Ball 1-0: SINGLE (Flyball, 9LS) Dan Craft scores Carlos Bravo to third
|
Batting: RHB Anastasio Villa
|
0-0: Ball 1-0: Ball 2-0: Called Strike 2-1: Foul Ball, location: 2F 2-2: Ball 3-2: Strikes out swinging
|
Bottom of the 4th over - 2 run(s), 3 hit(s), 0 error(s), 2 left on base; West Virginia 3 - Key West 5 |
TOP OF THE 5TH |
West Virginia Power batting - Pitching for Key West Barracudas : RHP Gerald Núñez
|
Batting: RHB Brett Bell
|
0-0: Ball 1-0: Called Strike 1-1: Swinging Strike 1-2: Strikes out swinging
|
Batting: RHB Dave McGrath
|
0-0: Fly out, F9 (Flyball, 9LSF)
|
Batting: RHB Tony Parker
|
0-0: Ball 1-0: Foul Ball, location: 2F 1-1: Foul Ball, location: 2F 1-2: Ground out 5-3 (Groundball, 56S)
|
Top of the 5th over - 0 run(s), 0 hit(s), 0 error(s), 0 left on base; West Virginia 3 - Key West 5 |
BOTTOM OF THE 5TH |
Key West Barracudas batting - Pitching for West Virginia Power : LHP Ricardo Guichardo
|
Pitching: RHP Brad Flores
|
|
Batting: RHB Edward Holloway
|
0-0: Called Strike 0-1: Foul Ball, location: 2F 0-2: SINGLE (Line Drive, 6M)
|
Batting: LHB Víctor Acevedo
|
0-0: Ball 1-0: Ball 2-0: Called Strike 2-1: Foul Ball, location: 2F 2-2: Strikes out swinging
|
Batting: RHB Carlos Miranda
|
0-0: Ball 1-0: Ball 2-0: Ball 3-0: Base on Balls Edward Holloway to second
|
Batting: LHB Daniel Byrd
|
0-0: Ball 1-0: Swinging Strike 1-1: Ball 2-1: Foul Ball, location: 2F 2-2: Strikes out swinging
|
Batting: RHB Dan Craft
|
0-0: Called Strike 0-1: Fly out, F9 (Flyball, 9S)
|
Bottom of the 5th over - 0 run(s), 1 hit(s), 0 error(s), 2 left on base; West Virginia 3 - Key West 5 |
TOP OF THE 6TH |
West Virginia Power batting - Pitching for Key West Barracudas : RHP Gerald Núñez
|
Batting: LHB Héctor Soto
|
0-0: Ball 1-0: Ball 2-0: Ground out U3 (Groundball, 34)
|
Batting: RHB Aaron Murray
|
0-0: Called Strike 0-1: Called Strike 0-2: Ball 1-2: Ball 2-2: Fly out, F9 (Line Drive, 9S)
|
Batting: RHB Jesse McKnight
|
0-0: Foul Ball, location: 2F 0-1: Ball 1-1: Swinging Strike 1-2: Ball 2-2: Strikes out looking
|
Top of the 6th over - 0 run(s), 0 hit(s), 0 error(s), 0 left on base; West Virginia 3 - Key West 5 |
BOTTOM OF THE 6TH |
Key West Barracudas batting - Pitching for West Virginia Power : RHP Brad Flores
|
Batting: SHB Rodney Birling
|
0-0: Called Strike 0-1: Ball 1-1: Called Strike 1-2: Fly out, F7 (Flyball, 7S)
|
Batting: RHB Carlos Bravo
|
0-0: Called Strike 0-1: Ball 1-1: Fly out, F4 (Line Drive, 4M)
|
Batting: RHB Richard Sanders
|
0-0: Called Strike 0-1: Swinging Strike 0-2: Ball 1-2: Ball 2-2: Foul Ball, location: 2F 2-2: Foul Ball, location: 2F 2-2: Foul Ball, location: 2F 2-2: Ball 3-2: Foul Ball, location: 2F 3-2: Strikes out swinging
|
Bottom of the 6th over - 0 run(s), 0 hit(s), 0 error(s), 0 left on base; West Virginia 3 - Key West 5 |
TOP OF THE 7TH |
West Virginia Power batting - Pitching for Key West Barracudas : RHP Gerald Núñez
|
Pitching: RHP Gabe Lewis
|
|
Batting: SHB Waylon Adams
|
0-0: SINGLE (Groundball, 4MD)
|
Batting: SHB Clint Woods
|
0-0: Ball 1-0: Called Strike 1-1: Ball 2-1: Ball 3-1: Base on Balls Waylon Adams to second
|
Pinch Hitting: RHB Roberto Tobías
|
0-0: Bunted foul 0-1: Bunted foul 0-2: Ball 1-2: Ball 2-2: DOUBLE (Line Drive, 7D) Waylon Adams scores Clint Woods to third
|
Batting: RHB Brett Bell
|
0-0: Called Strike 0-1: Ball 1-1: Fly out, F9 (Flyball, 9LS)
|
Pinch Hitting: LHB José González
|
0-0: Ball 1-0: Foul Ball, location: 2F 1-1: Ball 2-1: Ball 3-1: Called Strike 3-2: Base on Balls
|
Pinch Hitting: RHB Will Lott
|
0-0: Ball 1-0: Ball 2-0: Ball 3-0: Called Strike 3-1: Foul Ball, location: 2F 3-2: Strikes out swinging
|
Batting: LHB Héctor Soto
|
0-0: Ball 1-0: Ball 2-0: Called Strike 2-1: Foul Ball, location: 2F 2-2: Ball 3-2: Base on Balls Clint Woods scores Roberto Tobías to third José González to second
|
Batting: RHB Aaron Murray
|
0-0: Ball 1-0: Foul Ball, location: 2F 1-1: Swinging Strike 1-2: Foul Ball, location: 2F 1-2: Strikes out looking
|
Top of the 7th over - 2 run(s), 2 hit(s), 0 error(s), 3 left on base; West Virginia 5 - Key West 5 |
BOTTOM OF THE 7TH |
Key West Barracudas batting - Pitching for West Virginia Power : RHP Brad Flores
|
Now at 3B: Ron Guillén
|
|
Now at SS: Claudio Morán
|
|
Now in RF: José González
|
|
Batting: RHB Anastasio Villa
|
0-0: SINGLE (Groundball, 4MS) (infield hit)
|
Pinch Hitting: SHB Eric Pimentel
|
0-0: Ball 1-0: Ball 2-0: Called Strike 2-1: Fly out, F6 (Popup, 6D)
|
Pitching: LHP Edmond Summers
|
|
Pinch Hitting: RHB Joe Bailey
|
0-0: Called Strike 0-1: Called Strike 0-2: Ball 1-2: SINGLE (Flyball, 7LS) Anastasio Villa to second
|
Pinch Hitting: SHB Jacob Knapp
|
0-0: Ball 1-0: Called Strike 1-1: Fielders Choice at 2nd, 1-6 (Groundball, P) Anastasio Villa to third
|
Pitching: RHP Germán Hernández
|
|
Batting: LHB Daniel Byrd
|
0-0: Ball 1-0: Swinging Strike 1-1: Fielders Choice at 2nd, 6-4 (Groundball, 6)
|
Bottom of the 7th over - 0 run(s), 2 hit(s), 0 error(s), 1 left on base; West Virginia 5 - Key West 5 |
TOP OF THE 8TH |
West Virginia Power batting - Pitching for Key West Barracudas : RHP Gabe Lewis
|
Pitching: RHP Dennis Grange
|
|
Now in LF: Jacob Knapp
|
|
Now in CF: Júlio Cruz
|
|
Now in RF: Motoki Hirata
|
|
Batting: RHB Jesse McKnight
|
0-0: Foul Ball, location: 2F 0-1: Swinging Strike 0-2: Foul Ball, location: 2F 0-2: Ball 1-2: Ball 2-2: Foul Ball, location: 2F 2-2: Ball 3-2: Foul Ball, location: 2F 3-2: Base on Balls
|
Batting: SHB Waylon Adams
|
0-0: Sac Bunt - play at first, batter OUT! 5-4 Jesse McKnight to second
|
Batting: SHB Clint Woods
|
0-0: Intentional Walk
|
Pinch Hitting: RHB Lance Wolf
|
0-0: Swinging Strike 0-1: Called Strike 0-2: Strikes out swinging
|
Batting: RHB Brett Bell
|
0-0: Ball 1-0: Foul Ball, location: 2F 1-1: Ball 2-1: Foul Ball, location: 2F 2-2: Foul Ball, location: 2F 2-2: Foul Ball, location: 2F 2-2: Foul Ball, location: 2F 2-2: DOUBLE (Line Drive, 7) Jesse McKnight scores Clint Woods to third
|
Batting: LHB José González
|
0-0: Ball 1-0: Ball 2-0: Ball 3-0: Base on Balls
|
Batting: SHB Claudio Morán
|
0-0: Called Strike 0-1: Ball 1-1: Swinging Strike 1-2: Foul Ball, location: 2F 1-2: Ball 2-2: Ball 3-2: Base on Balls Clint Woods scores Brett Bell to third José González to second
|
Batting: LHB Héctor Soto
|
0-0: Ball 1-0: Called Strike 1-1: Called Strike 1-2: Foul Ball, location: 2F 1-2: Foul Ball, location: 2F 1-2: GRAND SLAM HOME RUN (Flyball, 89XD), Distance : 392 ft
|
Batting: RHB Aaron Murray
|
0-0: Ball 1-0: Ball 2-0: Called Strike 2-1: Ball 3-1: Called Strike 3-2: Ground out U3 (Groundball, 34)
|
Top of the 8th over - 6 run(s), 2 hit(s), 0 error(s), 0 left on base; West Virginia 11 - Key West 5 |
BOTTOM OF THE 8TH |
Key West Barracudas batting - Pitching for West Virginia Power : RHP Germán Hernández
|
Now at 3B: Lance Wolf
|
|
Batting: RHB Dan Craft
|
0-0: Foul Ball, location: 2F 0-1: Foul Ball, location: 2F 0-2: Strikes out looking
|
Batting: SHB Rodney Birling
|
0-0: Ball 1-0: Ball 2-0: Ball 3-0: Called Strike 3-1: Called Strike 3-2: Foul Ball, location: 2F 3-2: Ground out 4-3 (Groundball, 4S)
|
Batting: RHB Carlos Bravo
|
0-0: Ball 1-0: Fly out, F7 (Line Drive, 7)
|
Bottom of the 8th over - 0 run(s), 0 hit(s), 0 error(s), 0 left on base; West Virginia 11 - Key West 5 |
TOP OF THE 9TH |
West Virginia Power batting - Pitching for Key West Barracudas : RHP Dennis Grange
|
Batting: RHB Jesse McKnight
|
0-0: SOLO HOME RUN (Flyball, 89XD), Distance : 405 ft
|
Batting: SHB Waylon Adams
|
0-0: Foul Ball, location: 2F 0-1: Ball 1-1: Foul Ball, location: 2F 1-2: Foul Ball, location: 2F 1-2: Foul Ball, location: 2F 1-2: Ball 2-2: SOLO HOME RUN (Flyball, 9D), Distance : 400 ft
|
Batting: SHB Clint Woods
|
0-0: Ground out U3 (Groundball, 34)
|
Batting: RHB Lance Wolf
|
0-0: Foul Ball, location: 2F 0-1: Ball 1-1: SINGLE (Groundball, 4MD)
|
Pitching: RHP Mathew Wilcox
|
|
Batting: RHB Brett Bell
|
0-0: Ball 1-0: Ground out 5-3 (Groundball, 56S) Lance Wolf to second
|
Batting: LHB José González
|
0-0: Ball 1-0: Called Strike 1-1: Ball 2-1: Ball 3-1: Called Strike 3-2: Foul Ball, location: 2F 3-2: Foul Ball, location: 2F 3-2: Base on Balls
|
Batting: SHB Claudio Morán
|
0-0: Ball 1-0: Called Strike 1-1: Ball 2-1: Swinging Strike 2-2: Strikes out swinging
|
Top of the 9th over - 2 run(s), 3 hit(s), 0 error(s), 2 left on base; West Virginia 13 - Key West 5 |
BOTTOM OF THE 9TH |
Key West Barracudas batting - Pitching for West Virginia Power : RHP Germán Hernández
|
Batting: RHB Richard Sanders
|
0-0: Ball 1-0: Called Strike 1-1: Foul Ball, location: 2F 1-2: SINGLE (Line Drive, 56)
|
Batting: RHB Anastasio Villa
|
0-0: Called Strike 0-1: Foul Ball, location: 2F 0-2: Foul Ball, location: 2F 0-2: Strikes out looking
|
Batting: RHB Júlio Cruz
|
0-0: Ball 1-0: Grounds into double play, 5-4-3 (Groundball, 5)
|
Bottom of the 9th over - 0 run(s), 1 hit(s), 0 error(s), 0 left on base; West Virginia 13 - Key West 5 |
|